 Dungeon Crawl Stone Soup version 0.29.0-4-gdea44cf6ec (webtiles) character file.

Game seed: 2208951568442297412

1047 qw the Cleaver (level 8, -1/99 HPs)
             Began as a Minotaur Berserker on Sept 8, 2022.
             Was an Elder of Trog.
             Killed from afar by Maggie (24 damage)
             ... with a bolt of fire
             ... on level 6 of the Dungeon.
             The game lasted 00:01:48 (4879 turns).

qw the Cleaver (Minotaur Berserker)                 Turns: 4879, Time: 00:01:49

Health: -1/99      AC: 15    Str: 23    XL:     8   Next: 5%
Magic:  0/7        EV:  7    Int: 10    God:    Trog [****..]
Gold:   322        SH:  9    Dex: 11    Spells: 7/7 levels left

rFire   . . .      SeeInvis .   k - +0 hand axe (flame)
rCold   . . .      Faith    .   q - +0 kite shield
rNeg    . . .      Spirit   +   p - +0 chain mail
rPois   .          Reflect  .   (helmet restricted)
rElec   .          Harm     .   (no cloak)
rCorr   .          Rampage  .   d - +0 pair of gloves
Will    .....                   a - +0 pair of boots
Stlth   ..........              b - amulet of guardian spirit
HPRegen 0.26/turn               e - +4 ring of protection
MPRegen 0.10/turn               o - ring of Eternal Harmony {Int+6 Stlth+}

@: berserking, very quick
A: horns 2, retaliatory headbutt
a: Renounce Religion, Berserk, Trog's Hand, Brothers in Arms


You were on level 6 of the Dungeon.
You worshipped Trog.
Trog was greatly pleased with you.
You visited 1 branch of the dungeon, and saw 6 of its levels.

You collected 361 gold pieces.
You spent 39 gold pieces at shops.


Innate Abilities, Weirdness & Mutations

You have a pair of horns on your head.
You reflexively headbutt those who attack you in melee.


   Skills:
 + Level 4.1 Fighting
 - Level 9.3 Axes
 - Level 3.6 Armour
 - Level 2.1 Dodging
 - Level 6.2 Shields


You had 7 spell levels left.
You didn't know any spells.
Your spell library was empty.

Inventory:

Hand Weapons
 k - a +0 hand axe of flaming (weapon)
Missiles
 s - 2 boomerangs (quivered)
Armour
 a - a +0 pair of boots (worn)
 d - a +0 pair of gloves (worn)
 p - a +0 chain mail (worn)
 q - a +0 kite shield (worn)
Jewellery
 b - an amulet of guardian spirit (around neck)
 c - an amulet of regeneration
 e - a +4 ring of protection (left hand)
 h - a ring of fire
 o - the ring of Eternal Harmony (right hand) {Int+6 Stlth+}
   (You found it on level 5 of the Dungeon)

   [ring of intelligence]

   Int:       It affects your intelligence (+6).
   Stlth:     It makes you more stealthy.
 Y - a ring of resist corrosion
Scrolls
 m - 2 scrolls of identify
Potions
 f - 2 potions of heal wounds
 g - 4 potions of curing
 i - a potion of mutation {unknown}
 j - a potion of brilliance {unknown}
 l - a potion of invisibility {unknown}
 n - 2 potions of cancellation
 r - a potion of might
 t - a potion of degeneration {unknown}

Dungeon Overview and Level Annotations

Branches:
Dungeon (6/15)             Temple (0/1) D:5

Altars:
Cheibriados
Elyvilon
Gozag
Hepliaklqana
Nemelex Xobeh
Qazlal
Trog
Uskayaw
Wu Jian
Yredelemnul
The Shining One

Shops:
D:1 !

Annotations:
D:6 Maggie


Message History

Maggie points at you and mumbles some strange words.
The bolt of fire hits you.
You closely miss Maggie. Your headbutt misses Maggie.
Maggie is heavily wounded.
Maggie hits you with a +0 war axe of flaming!
Maggie burns you.
You hit Maggie. You burn Maggie.
Maggie is heavily wounded.
Maggie mumbles some strange words.
Maggie attempts to bespell you! You resist.
You closely miss Maggie. Your headbutt misses Maggie.
Maggie is heavily wounded.
You block Maggie's attack.
You barely miss Maggie.
Maggie is heavily wounded.
Maggie hits you with a +0 war axe of flaming.
Maggie burns you.
You hit Maggie but do no damage.
Maggie is heavily wounded.
Maggie barely misses you.
You barely miss Maggie. You headbutt Maggie.
Maggie is heavily wounded.
Maggie barely misses you. You furiously retaliate!
You headbutt Maggie, but do no damage. You hit Maggie but do no damage.
Your headbutt misses Maggie.
Maggie is heavily wounded.
Maggie hits you with a +0 war axe of flaming!
Maggie burns you.
4877 ||| INVOKING Berserk.
A red film seems to cover your vision as you go berserk!
You feel yourself moving faster!
You feel mighty!
Maggie hits you with a +0 war axe of flaming!
Maggie burns you.
You hit Maggie. You burn Maggie. You headbutt Maggie!
Maggie is almost dead.
You closely miss Maggie. Your headbutt misses Maggie.
Maggie is almost dead.
Maggie casts a spell at you. The bolt of fire hits you!!
You die...

#....#.....# ..............# .
#....#.%...# ..............# .
#....#.....+ ..............# .
#)...##...########.........###
#....##...###.....#...........
#.............................
#.............................
#....##...####...##........##.
#....###+## #@..$##........# .
#.....#.....@..............#
#.....#....................#
#....##.....#######......)..#
#....##..^.. #...##.........#
#.....#..... #....#.........
#.....#.... #.[..#........
#....##..## ##..##........
#....##########..##........


You could see Maggie.

Vanquished Creatures
  Duvessa (D:5)
  A black bear (D:5)
  An ice beast (D:6)
  An ogre (D:4)
  A scorpion (D:6)
  A necrophage (D:6)
  Dowan (D:5)
  4 hounds
  A jelly (D:5)
  An orc priest (D:3)
  Jessica (D:2)
  5 orc wizards
  6 adders
  2 ufetubi
  2 worms (D:4)
  3 dart slugs
  14 orcs
  9 bats
  9 endoplasms
  4 giant cockroaches
  9 goblins
  9 hobgoblins
  4 jackals (D:1)
  7 quokkas
  7 ball pythons
  A frilled lizard (D:3)
  6 kobolds
  4 rats
115 creatures vanquished.

Vanquished Creatures (others)
  2 fungi (D:3)
  A plant (D:5)
3 creatures vanquished.

Grand Total: 118 creatures vanquished

Notes
Turn   | Place    | Note
-------+----------+-------------------------------------------
     0 | D:1      | qw the Minotaur Berserker began the quest for the Orb.
     0 | D:1      | Reached XP level 1. HP: 19/19 MP: 0/0
     0 | D:1      | 0 ||| qw: Version: 0.1-a-112-g44dc6cd
     0 | D:1      | 0 ||| qw: Game counter: 6783
     0 | D:1      | 0 ||| qw: Always use a shield: true
     0 | D:1      | 0 ||| qw: Do Orc after D:15 true
     0 | D:1      | 0 ||| qw: Do second Lair branch before Depths: true
     0 | D:1      | 0 ||| qw: Lair rune preference: random
     0 | D:1      | 0 ||| qw: Plans: Normal
     0 | D:1      | 0 ||| PLANNING D:1-11
    43 | D:1      | 43 ||| Stepping ~*~*~tactically~*~*~ (stealth).
    45 | D:1      | 45 ||| Stepping ~*~*~tactically~*~*~ (stealth).
    51 | D:1      | Reached skill level 4 in Axes
    58 | D:1      | Reached XP level 2. HP: 19/26 MP: 1/1
   142 | D:1      | 142 ||| Stepping ~*~*~tactically~*~*~ (stealth).
   144 | D:1      | 144 ||| Stepping ~*~*~tactically~*~*~ (stealth).
   150 | D:1      | 150 ||| Stepping ~*~*~tactically~*~*~ (stealth).
   190 | D:1      | You fall into a shaft and drop 1 floor!
   323 | D:2      | 323 ||| Stepping ~*~*~tactically~*~*~ (stealth).
   361 | D:2      | 361 ||| UPGRADING to +0 pair of gloves.
   366 | D:2      | 366 ||| READING scroll labelled DAMNELOITU.
   486 | D:1      | 486 ||| DROPPING +0 club.
   578 | D:1      | Reached ** piety under Trog
   589 | D:1      | Reached skill level 5 in Axes
   693 | D:1      | Reached XP level 3. HP: 23/31 MP: 2/2
   951 | D:1      | 951 ||| Stepping ~*~*~tactically~*~*~ (hiding).
  1009 | D:1      | Found Buamaaz's Distillery.
  1024 | D:1      | 1024 ||| SHOPLISTING 2 potions of mutation (208 gold, have
                  | 68).
  1024 | D:1      | 1024 ||| BUYING potion of curing (39 gold).
  1024 | D:1      | Bought a potion of curing for 39 gold pieces
  1024 | D:1      | 1024 ||| SHOPLISTING potion of curing (39 gold, have 29).
  1079 | D:1      | Found a faded altar of an unknown god.
  1081 | D:1      | 1081 ||| Stepping ~*~*~tactically~*~*~ (stealth).
  1517 | D:1      | 1517 ||| UPGRADING to +0 ring mail.
  1527 | D:1      | 1527 ||| DROPPING +0 animal skin.
  1528 | D:1      | 1528 ||| UPGRADING to +4 ring of protection.
  1529 | D:1      | 1529 ||| UPGRADING to ring of resist corrosion.
  1530 | D:1      | 1530 ||| DRINKING 2 inky potions.
  1531 | D:1      | 1531 ||| DRINKING 2 sedimented blue potions.
  1532 | D:1      | 1532 ||| DROPPING potion of flight.
  1780 | D:2      | 1780 ||| Stepping ~*~*~tactically~*~*~ (stealth).
  1782 | D:2      | Noticed Jessica
  1786 | D:2      | 1786 ||| Stepping ~*~*~tactically~*~*~ (hiding).
  1789 | D:2      | Killed Jessica
  1790 | D:2      | Reached skill level 6 in Axes
  1790 | D:2      | Reached XP level 4. HP: 33/39 MP: 3/3
  2013 | D:2      | 2013 ||| READING scroll labelled PALLAI RUSIKAPY.
  2014 | D:2      | 2014 ||| READING 2 scrolls labelled PICUIDESSO.
  2015 | D:2      | 2015 ||| READING scroll labelled FUETU YTWUISE.
  2041 | D:3      | 2041 ||| STAIRDANCE
  2080 | D:3      | 2080 ||| INVOKING Berserk.
  2212 | D:3      | 2212 ||| DROPPING +0 whip.
  2240 | D:3      | 2240 ||| Stepping ~*~*~tactically~*~*~ (hiding).
  2241 | D:3      | 2241 ||| Stepping ~*~*~tactically~*~*~ (hiding).
  2247 | D:3      | 2247 ||| INVOKING Berserk.
  2253 | D:3      | Reached skill level 7 in Axes
  2253 | D:3      | Reached XP level 5. HP: 45/45 MP: 4/4
  2530 | D:3      | 2530 ||| Stepping ~*~*~tactically~*~*~ (stealth).
  2533 | D:3      | Reached *** piety under Trog
  2569 | D:3      | Found an opulent altar of Gozag.
  2619 | D:3      | 2619 ||| Stepping ~*~*~tactically~*~*~ (stealth).
  2622 | D:3      | 2622 ||| Stepping ~*~*~tactically~*~*~ (hiding).
  2625 | D:3      | 2625 ||| Stepping ~*~*~tactically~*~*~ (hiding).
  2629 | D:3      | 2629 ||| INVOKING Berserk.
  2913 | D:3      | Found a white marble altar of Elyvilon.
  2914 | D:3      | Found a glowing golden altar of the Shining One.
  2919 | D:3      | Found a sparkling altar of Nemelex Xobeh.
  2924 | D:3      | 2924 ||| FLEEEEING.
  2926 | D:3      | 2926 ||| FLEEEEING.
  2927 | D:3      | 2927 ||| FLEEEEING.
  2959 | D:3      | Found an ornate altar of the Wu Jian Council.
  2961 | D:3      | Found a stormy altar of Qazlal.
  2963 | D:3      | Found a bloodstained altar of Trog.
  2964 | D:3      | Found a hide-covered altar of Uskayaw.
  3014 | D:3      | Found a basalt altar of Yredelemnul.
  3024 | D:3      | 3024 ||| UPGRADING to +0 pair of boots.
  3029 | D:3      | 3029 ||| UPGRADING to +0 scale mail.
  3039 | D:3      | 3039 ||| DROPPING +0 ring mail.
  3040 | D:3      | 3040 ||| UPGRADING to +0 chain mail.
  3050 | D:3      | 3050 ||| DROPPING +0 scale mail.
  3051 | D:3      | 3051 ||| UPGRADING to +0 kite shield.
  3056 | D:3      | 3056 ||| DRINKING 3 bubbling blue potions.
  3102 | D:4      | 3102 ||| DROPPING +0 flail.
  3157 | D:4      | 3157 ||| Stepping ~*~*~tactically~*~*~ (stealth).
  3229 | D:4      | Found a hazy altar of Hepliaklqana.
  3248 | D:4      | Reached skill level 1 in Shields
  3248 | D:4      | Reached XP level 6. HP: 43/52 MP: 5/5
  3445 | D:4      | Found a snail-covered altar of Cheibriados.
  3469 | D:4      | 3469 ||| INVOKING Berserk.
  3472 | D:4      | Reached skill level 3 in Shields
  3706 | D:4      | 3706 ||| READING 2 scrolls labelled TIULUB PILYI.
  3707 | D:4      | 3707 ||| READING scroll of brand weapon.
  3707 | D:4      | 3707 ||| BRANDING +0 hand axe of protection.
  3708 | D:4      | 3708 ||| DROPPING +1 vampiric whip.
  3709 | D:4      | 3709 ||| READING scroll labelled QAUMICL DOSUMA.
  3710 | D:4      | 3710 ||| READING scroll labelled XORRURAITI.
  3711 | D:4      | 3711 ||| READING 2 scrolls of identify.
  3711 | D:4      | 3711 ||| IDENTIFYING dark potion
  3712 | D:4      | 3712 ||| DROPPING potion of lignification.
  3717 | D:5      | Entered Level 5 of the Dungeon
  4043 | D:5      | 4043 ||| INVOKING Berserk.
  4176 | D:5      | Identified the ring of Eternal Harmony {Int+6 Stlth+}
  4198 | D:5      | Noticed Dowan
  4198 | D:5      | Noticed Duvessa
  4200 | D:5      | 4200 ||| INVOKING Berserk.
  4206 | D:5      | Killed Duvessa
  4207 | D:5      | Reached XP level 7. HP: 59/59 MP: 6/6
  4208 | D:5      | Killed Dowan
  4209 | D:5      | Reached skill level 8 in Axes
  4291 | D:5      | 4291 ||| INVOKING Berserk.
  4295 | D:5      | Reached skill level 3 in Armour
  4337 | D:5      | 4337 ||| Stepping ~*~*~tactically~*~*~ (stealth).
  4351 | D:5      | Found a staircase to the Ecumenical Temple.
  4399 | D:5      | 4399 ||| Stepping ~*~*~tactically~*~*~ (hiding).
  4485 | D:5      | 4485 ||| Stepping ~*~*~tactically~*~*~ (stealth).
  4486 | D:5      | 4486 ||| Stepping ~*~*~tactically~*~*~ (stealth).
  4487 | D:5      | 4487 ||| Stepping ~*~*~tactically~*~*~ (stealth).
  4488 | D:5      | 4488 ||| Stepping ~*~*~tactically~*~*~ (stealth).
  4566 | D:5      | 4566 ||| UPGRADING to amulet of guardian spirit.
  4571 | D:5      | 4571 ||| UPGRADING to ring of Eternal Harmony {Int+6
                  | Stlth+}.
  4573 | D:5      | 4573 ||| DRINKING 2 clear potions.
  4574 | D:5      | 4574 ||| DRINKING 2 fizzy yellow potions.
  4575 | D:5      | 4575 ||| READING 2 scrolls of identify.
  4575 | D:5      | 4575 ||| IDENTIFYING fuming emerald potion
  4576 | D:5      | 4576 ||| DROPPING potion of berserk rage.
  4577 | D:5      | 4577 ||| DROPPING potion of attraction.
  4607 | D:6      | Reached skill level 6 in Shields
  4754 | D:6      | Reached **** piety under Trog
  4766 | D:6      | 4766 ||| Stepping ~*~*~tactically~*~*~ (stealth).
  4786 | D:6      | Reached skill level 9 in Axes
  4786 | D:6      | Reached XP level 8. HP: 60/66 MP: 7/7
  4846 | D:6      | Noticed Maggie
  4847 | D:6      | 4847 ||| Stepping ~*~*~tactically~*~*~ (hiding).
  4877 | D:6      | 4877 ||| INVOKING Berserk.
  4877 | D:6      | HP: 23/99 [Maggie/+0 war axe of flaming (4)]
  4879 | D:6      | Killed from afar by Maggie

Levels and vault maps discovered:
D:1:      eino_arrival_cavern_e, layout_loops_corners, serial_shops,
          nicolae_diamond_shop, nicolae_ecumenical_snake_handling,
          minmay_heptomino_l4
D:2:      layout_basic, uniq_jessica
D:3:      layout_rooms, marbit_many_paths, mainiacjoe_overflow_boulevard,
          minitemple, hangedman_abyss_or_decor_lesser_grid
D:4:      layout_basic, mainiacjoe_overflow_catwalk, slow_altar_1
D:5:      layout_loops_cross, minmay_temple_entry_gardened_gates, uniq_duvessa
D:6:      layout_gridville, uniq_maggie

Skill      XL: |  1  2  3  4  5  6  7 |
---------------+----------------------+-----
Axes           | 4 5 6 7 9 |  9.3
Fighting       | 4 |  4.1
Shields        | 1 5 6 |  6.2
Armour         | 3 |  3.6
Dodging        | |  2.1

Action                   |  1- 3 |  4- 6 |  7- 9 || total
-------------------------+-------+-------+-------++-------
Melee: Hand axe          |    93 |   115 |    81 ||   289
       Headbutt          |    10 |     8 |    14 ||    32
Throw: Boomerang         |       |    14 |    18 ||    32
Invok: Berserk           |       |     6 |     2 ||     8
  Use: Scroll            |     1 |     8 |     1 ||    10
       Potion            |     2 |     1 |     2 ||     5
Armor: Animal skin       |    19 |       |       ||    19
       Ring mail         |     2 |    18 |       ||    20
       Chain mail        |       |    18 |    31 ||    49
Dodge: Dodged            |    47 |    29 |    13 ||    89
Block: Kite shield       |       |    10 |    20 ||    30

Table legend:
 A = Non-vault XP
 B = Vault XP
 C = Vault XP percentage of total XP
 D = Non-vault monster count
 E = Vault monster count
 F = Vault count percentage of total count
                 A         B        C        D         E       F
            +---------+---------+-------+---------+---------+-------
      Total |    1232 |     264 |  17.6 |     106 |       9 |   7.8
            +---------+---------+-------+---------+---------+-------
        D:1 |      53 |       5 |   8.6 |      28 |       4 |  12.5
        D:2 |      19 |      37 |  66.1 |      13 |       1 |   7.1
        D:3 |     243 |       2 |   0.8 |      28 |       1 |   3.4
        D:4 |     162 |       6 |   3.6 |      13 |       1 |   7.1
        D:5 |     323 |     214 |  39.9 |      12 |       2 |  14.3
        D:6 |     432 |       0 |   0.0 |      12 |       0 |   0.0
            +---------+---------+-------+---------+---------+-------
